 Dungeon Crawl Stone Soup version 0.25-a0-1130-g3926558f3a (webtiles) character file.

Game seed: 5111529309857497433, levelgen mode: deterministic

72 MisterFreud the Skirmisher (level 4, -8/33 HPs)
             Began as an Octopode Gladiator on May 19, 2020.
             Shot with an arrow by a centaur (10 damage)
             ... on level 3 of the Dungeon.
             The game lasted 00:01:53 (1900 turns).

MisterFreud the Skirmisher (Octopode Gladiator)     Turns: 1900, Time: 00:01:53

Health: -8/33      AC:  5    Str: 13    XL:     4   Next: 26%
Magic:  4/4        EV: 14    Int: 11    God:
Gold:   128        SH:  0    Dex: 13    Spells: 3/3 levels left

rFire    . . .     SeeInvis .   a - +0 long sword
rCold    . . .     Gourm    .   (no shield)
rNeg     . . .     Faith    .   b - +0 hat
rPois    .         Spirit   .   (no amulet)
rElec    .         Reflect  .   k - +4 ring of protection
rCorr    .         Harm     .   (no ring)
MR       .....                  (no ring)
Stlth    ++........             (no ring)
HPRegen  0.11/turn              (no ring)
MPRegen  0.09/turn              (no ring)
                                (no ring)
                                (no ring)

@: no status effects
A: almost no armour, stealthy swim, amphibious, 8 rings, constrict 8, camouflage
1, gelatinous body 1
a: no special abilities


You were on level 3 of the Dungeon.
You were very hungry.

You visited 1 branch of the dungeon, and saw 4 of its levels.

You collected 128 gold pieces.

Inventory:

Hand Weapons
 a - a +0 long sword (weapon)
Missiles
 c - 3 throwing nets (quivered)
Armour
 b - a +0 hat (worn)
Jewellery
 k - a +4 ring of protection (left tentacle)
Scrolls
 e - 2 scrolls of magic mapping {unknown}
 j - a scroll of immolation {unknown}
 m - a scroll of amnesia {unknown}
 n - a scroll of teleportation {unknown}
 o - 2 scrolls of identify {unknown}
Potions
 f - 2 potions of curing {unknown}
 h - a potion of brilliance {unknown}
 i - a potion of mutation {unknown}
 l - a potion of heal wounds {unknown}
 p - a potion of ambrosia {unknown}
Comestibles
 d - 6 rations


   Skills:
 - Level 4.0 Fighting
 + Level 3.5 Long Blades
 - Level 2.0 Throwing
 - Level 3.0 Dodging


You had 3 spell levels left.
You didn't know any spells.
Your spell library contained the following spells:

 Spells                   Type           Power        Failure   Level  Hunger
 Corona                   Hex            #......      34%         1    ##.....
 Slow                     Hex            #.......     47%         2    ###....
 Inner Flame              Hex/Fire       #.......     71%         3    ####...
 Portal Projectile        Hex/Tloc       #.....       71%         3    ####...
 Cause Fear               Hex            #.........   98%         4    #####..
 Leda's Liquefaction      Hex/Erth       #.........   98%         4    #####..


Dungeon Overview and Level Annotations

Branches:
Dungeon (4/15)
 Temple: D:4-7

Altars:
Ashenzari
Gozag


Innate Abilities, Weirdness & Mutations

You cannot wear most types of armour.
You are very stealthy in the water. (Stealth+)
You are amphibious.
You can wear up to eight rings at the same time.
You can use your tentacles to constrict eight enemies at once.
Your skin changes colour to match your surroundings (Stealth+).
Your rubbery body absorbs attacks. (AC +1, EV +1)


Message History

The gnoll shouts!
You hear a shout!
Things that are here:
an arrow; a poisoned dart The centaur shoots an arrow.
The arrow hits you!
You hear a shout!
You see here an arrow.
A gnoll comes into view. It is wielding a +0 club.
The centaur shoots an arrow.
The arrow hits you!
You hear a shout!
You see here an arrow.
The centaur shoots an arrow.
The arrow hits you!
You see here 2 arrows.
Things that are here:
an arrow; a poisoned dart The centaur shoots an arrow.
The arrow barely misses you.
The centaur shoots an arrow.
The arrow hits you!
* * * LOW HITPOINT WARNING * * *
You see here an arrow.
The centaur shoots an arrow.
The arrow hits you!
You die...

#.....# #.#.# #...........
#.....# #...# #...........
#.....# #...# #.....g?....
##.....# #..>#
#.....c..... .[.....#
#.### #...........
###....# #)# #.r......#
.......# #.# #(..g....#
.......###)######..(.....#
....<..#........@((...=..#
.......#.......((........#
.#####.#.......(..#####..#
.## #.#..........# ..# ..#
#.#..........# .#
#.####.#..........# ..
.......#..........#
#.######..........#
..............(...#


You could see a centaur, 2 gnolls and a rat.

Vanquished Creatures
  A gnoll (D:3)
  An adder (D:2)
  2 worms (D:2)
  6 bats
  2 giant cockroaches
  3 goblins
  4 hobgoblins
  4 jackals (D:1)
  11 kobolds
  A frilled lizard (D:1)
  11 rats
46 creatures vanquished.

Notes
Turn   | Place    | Note
-------+----------+-------------------------------------------
     0 | D:1      | MisterFreud the Octopode Gladiator began the quest for the
                  | Orb.
     0 | D:1      | Reached XP level 1. HP: 14/14 MP: 1/1
   193 | D:1      | Reached XP level 2. HP: 20/20 MP: 2/2
   348 | D:1      | Reached skill level 3 in Fighting
   463 | D:1      | Reached XP level 3. HP: 26/26 MP: 3/3
   743 | D:2      | Found an opulent altar of Gozag.
   747 | D:2      | Found a shattered altar of Ashenzari.
  1194 | D:2      | Reached skill level 4 in Fighting
  1401 | D:2      | Reached XP level 4. HP: 29/33 MP: 4/4
  1692 | D:3      | Noticed a centaur
  1900 | D:3      | Shot with an arrow by a centaur

Illustrated notes

Levels and vault maps discovered:
D:1:      nicolae_arrival_washed_ashore, layout_rooms
D:2:      layout_basic, overflow_temple_1_default, ashenzari_altar_1
D:3:      layout_basic, minmay_misc_feat_more_columns, minmay_misc_feat_square,
          uniq_ijyb
D:4:      layout_gridville, minmay_temple_entry_grid

Skill      XL: |  1  2  3 |
---------------+----------+-----
Fighting       | 3 4 |  4.0
Long Blades    | |  3.5
Throwing       | |  2.0
Dodging        | |  3.0

Action                   |  1- 3 |  4- 6 || total
-------------------------+-------+-------++-------
Melee: Long sword        |    66 |     4 ||    70
       Constrict         |    24 |     1 ||    25
       Tentacles         |    12 |     1 ||    13
 Stab: Sleeping          |    11 |     1 ||    12
  Eat: Chunk             |     2 |       ||     2
Armor: Skin              |    10 |       ||    10
Dodge: Dodged            |    41 |    11 ||    52
       Rpst.: Long sword |    16 |     1 ||    17

Table legend:
 A = Non-vault XP
 B = Vault XP
 C = Vault XP percentage of total XP
 D = Non-vault monster count
 E = Vault monster count
 F = Vault count percentage of total count
                 A         B        C        D         E       F
            +---------+---------+-------+---------+---------+-------
      Total |     104 |       0 |   0.0 |      46 |       0 |   0.0
            +---------+---------+-------+---------+---------+-------
        D:1 |      44 |       0 |   0.0 |      26 |       0 |   0.0
        D:2 |      43 |       0 |   0.0 |      16 |       0 |   0.0
        D:3 |      17 |       0 |   0.0 |       4 |       0 |   0.0
            +---------+---------+-------+---------+---------+-------
